 Dungeon Crawl Stone Soup version 0.26.1-11-gd32895ea62 (webtiles) character file.

Game seed: 14816505043625269476

13755 H0rd4k the Slicer (level 12, 0/89 HPs)
             Began as a Human Artificer on Apr 26, 2021.
             Was an Initiate of Gozag.
             Slain by a blink frog (8 damage)
             ... on level 1 of the Lair of Beasts.
             The game lasted 00:35:22 (19674 turns).

H0rd4k the Slicer (Human Artificer)                Turns: 19674, Time: 00:35:23

Health: 0/89       AC: 11    Str: 22    XL:     12   Next: 36%
Magic:  0/10       EV: 17    Int: 22    God:    Gozag
Gold:   1282       SH:  0    Dex: 14    Spells: 11/11 levels left

rFire    x . .     SeeInvis .   a - +6 rapier (flame)
rCold    . . .     Faith    .   (no shield)
rNeg     + + .     Spirit   +   y - +2 leather armour of the Depths {rElec rF- rN++ Int+3}
rPois    .         Reflect  .   E - +1 helmet
rElec    +         Harm     .   (no cloak)
rCorr    .         Rampage  .   (no gloves)
Will     .....                  J - +2 pair of boots {Fly}
Stlth    ++++......             H - amulet of guardian spirit
HPRegen  0.24/turn              o - +6 ring of strength
MPRegen  0.12/turn              q - +6 ring of intelligence

@: flying
A: low mp 1
a: Stop Flying, Renounce Religion, Potion Petition, Call Merchant, Bribe Branch


You were on level 1 of the Lair of Beasts.
You worshipped Gozag.
Gozag was most pleased with you.
You visited 3 branches of the dungeon, and saw 13 of its levels.
You also visited: Bailey.

You collected 3215 gold pieces.
You spent 1295 gold pieces at shops.
You paid 638 gold pieces to Gozag.

Inventory:

Hand Weapons
 a - a +6 rapier of flaming (weapon)
 k - a +7 vorpal falchion
Armour
 y - the +2 leather armour of the Depths (worn) {rElec rF- rN++ Int+3}
   (You found it on level 4 of the Dungeon)

   It affects your intelligence (+3).
   It makes you vulnerable to fire.
   It insulates you from electricity.
   It greatly protects you from negative energy.
 E - a +1 helmet (worn)
 J - a +2 pair of boots of flying (worn)
Jewellery
 b - an uncursed ring of ice
 j - an uncursed ring of protection from cold
 n - a +6 ring of dexterity
 o - a +6 ring of strength (left hand)
 q - a +6 ring of intelligence (right hand)
 G - an uncursed ring of fire
 H - an amulet of guardian spirit (around neck)
Wands
 t - a wand of iceblast (10)
 B - a wand of paralysis (14)
Scrolls
 c - a scroll of amnesia {unknown}
 d - a scroll of fog
 f - 2 scrolls of enchant armour
 g - a scroll of magic mapping {unknown}
 i - 4 scrolls of teleportation
 s - 3 scrolls of remove curse
 u - a scroll of enchant weapon {unknown}
 v - a scroll of noise {unknown}
 x - a scroll of blinking {unknown}
 A - a scroll of random uselessness {unknown}
 F - a scroll of fear
 K - 4 scrolls of identify
Potions
 e - 2 potions of curing {unknown}
 h - a potion of haste
 l - a potion of ambrosia
 C - a potion of berserk rage
 I - a potion of magic {unknown}


   Skills:
 + Level 6.7 Fighting
 + Level 10.2(10.5) Short Blades
 + Level 3.8(7.6) Long Blades
 + Level 6.3 Armour
 + Level 8.5 Dodging
 + Level 9.5 Stealth
 + Level 5.5 Evocations


You had 11 spell levels left.
You didn't know any spells.
Your spell library contained the following spells:

 Spells                   Type           Power        Failure   Level
 Summon Small Mammal      Summ           0%           19%         1
 Call Imp                 Summ           0%           28%         2
 Call Canine Familiar     Summ           0%           50%         3
 Summon Guardian Golem    Hex/Summ       0%           50%         3
 Summon Ice Beast         Ice/Summ       0%           88%         4
 Summon Lightning Spire   Summ/Air       0%           88%         4


Dungeon Overview and Level Annotations

Branches:
Dungeon (11/15)            Temple (1/1) D:5            Lair (1/6) D:9
 Bailey (visited)
    Orc: D:9-12

Altars:
Cheibriados
Dithmenos
Elyvilon
Fedhas
Gozag
Hepliaklqana
Kikubaaqudgha
Makhleb
Nemelex Xobeh
Okawaru
Qazlal
Ru
Sif Muna
Trog
Uskayaw
Vehumet
Wu Jian
Xom
Zin
The Shining One
Beogh

Shops:
D:9 (   D:10 [

Annotations:
D:4 1 exclusion
D:5 exclusion: downstairs, Grinder
D:6 exclusion: downstairs
D:10 exclusion: ugly thing


Innate Abilities, Weirdness & Mutations

Your magical capacity is low. (-10% MP)


Message History

* * * LOW HITPOINT WARNING * * *
The eight-headed hydra bites you.
* * * LOW HITPOINT WARNING * * *
The eight-headed hydra bites you but does no damage.
The eight-headed hydra bites you!
* * * LOW HITPOINT WARNING * * *
The blink frog croaks.
Found a stone staircase leading down.
The eight-headed hydra misses you. The eight-headed hydra bites you.
* * * LOW HITPOINT WARNING * * *
The eight-headed hydra closely misses you.
The eight-headed hydra bites you!
* * * LOW HITPOINT WARNING * * *
The eight-headed hydra closely misses you. x2
The eight-headed hydra barely misses you.
The eight-headed hydra completely misses you.
The blink frog blinks!
The blink frog hits you!
You die...
Your body crumbles into a pile of gold.

.....##.###.##.##................
.................................
....P##..........................
.................................
...#P.#P.P.#...#........##.###...
........................#........
........#####..........##.>..###.
..................D..............
##..#####..##...@#####..#..###.P.
........<...##.#.F.....#...#.....
.......#.P.##. #.#....#....##.#.#
.............. ..##...#...##.....
..##..##.#........####....#.#P###
#. #.#.###.... ....##.###.# ..
..... #... .#.......F . .....#
###.. ........ ......# .
#........


You could see an eight-headed hydra and a blink frog.

Vanquished Creatures
  A centaur warrior (D:11)
  Harold (D:7)
  A two-headed ogre (D:8)
  An unseen horror (D:11)
  2 orc knights (Bailey)
  Maggie (D:6)
  A cane toad (Lair:1)
  3 komodo dragons (D:9)
  A troll (D:9)
  2 blink frogs (Lair:1)
  Prince Ribbit (D:7)
  11 orc warriors
  A wyvern (Lair:1)
  3 wraiths
  A basilisk (Lair:1)
  Grum (Lair:1)
  A steam dragon (D:7)
  Menkaure (D:4)
  2 water moccasins
  3 black bears
  4 ice beasts
  6 sky beasts
  A hornet zombie (D:8)
  4 wolves (Lair:1)
  A phantom (D:6)
  4 ogres
  3 centaurs
  A lemure (D:6)
  4 bullfrogs (D:9)
  3 elf zombies (D:11)
  2 scorpions
  A wyvern skeleton (D:9)
  A water moccasin skeleton (D:5)
  6 killer bees (D:7)
  3 jellies
  9 wights
  6 howler monkeys
  2 centaur zombies
  A bullfrog zombie (D:10)
  6 hounds
  5 human zombies (D:11)
  5 orc priests
  A centaur skeleton (D:5)
  3 bullfrog skeletons
  A human skeleton (D:11)
  3 iguanas
  9 orc wizards
  Terence (D:2)
  3 worker ants
  A hound zombie (D:6)
  2 hound skeletons (D:7)
  A mummy (D:11)
  16 adders
  5 gnolls
  4 white imps
  3 ufetubi
  2 worms
  3 dart slugs
  9 leopard geckos
  65 orcs
  A giant cockroach (D:6)
  9 hobgoblins
  10 jackals
  22 kobolds
  9 quokkas
  6 bats
  5 frilled lizards
  16 goblins
  A jackal zombie (D:8)
  2 leopard gecko skeletons (D:4)
  17 rats
347 creatures vanquished.

Vanquished Creatures (collateral kills)
  Pikel (D:6)
  A bullfrog skeleton (D:6)
  An orc wizard (D:6)
  An ufetubus (D:6)
  A worm (D:2)
  3 orcs
  A giant cockroach (D:2)
  A hobgoblin (D:2)
  A kobold (D:2)
11 creatures vanquished.

Vanquished Creatures (others)
  A water moccasin (D:6)
  A centaur (D:6)
  A scorpion (D:4)
  2 orc priests (D:4)
  2 orc wizards
  A gnoll (D:2)
  A white imp (D:7)
  2 orcs (D:6)
  2 kobolds (Bailey)
  33 fungi
  36 plants
82 creatures vanquished.

Grand Total: 440 creatures vanquished

Notes
Turn   | Place    | Note
-------+----------+-------------------------------------------
     0 | D:1      | H0rd4k the Human Artificer began the quest for the Orb.
     0 | D:1      | Reached XP level 1. HP: 15/15 MP: 1/1
   369 | D:1      | Reached XP level 2. HP: 19/21 MP: 2/2
   999 | D:1      | Reached XP level 3. HP: 26/26 MP: 3/3
  1570 | D:2      | Reached skill level 1 in Short Blades
  1695 | D:2      | Reached XP level 4. HP: 22/32 MP: 4/4
  2224 | D:2      | Found a stormy altar of Qazlal.
  2368 | D:2      | Reached skill level 2 in Short Blades
  2368 | D:2      | Reached XP level 5. HP: 14/37 MP: 5/5
  2936 | D:2      | Found a glowing golden altar of the Shining One.
  3017 | D:2      | Noticed Terence
  3025 | D:2      | Killed Terence
  4267 | D:4      | Noticed Menkaure
  4280 | D:4      | Killed Menkaure
  4281 | D:4      | Reached skill level 3 in Short Blades
  4281 | D:4      | Reached XP level 6. HP: 9/44 MP: 6/6
  4627 | D:4      | Got a black opal-studded leather armour
  4638 | D:4      | Identified the +2 leather armour of the Depths {rElec rF-
                  | rN++ Int+3} (You found it on level 4 of the Dungeon)
  4820 | D:4      | Reached XP level 7. HP: 47/50 MP: 7/7
  5576 | D:4      | Killed an orc warrior
  5577 | D:4      | Reached skill level 4 in Short Blades
  5668 | D:5      | Entered Level 5 of the Dungeon
  6017 | D:5      | Reached XP level 8. HP: 42/57 MP: 8/8
  6390 | D:5      | Noticed Grinder
  6506 | D:5      | Found a staircase to the Ecumenical Temple.
  6724 | Temple   | Entered the Ecumenical Temple
  6894 | Temple   | Became a worshipper of Gozag Ym Sagoz the Greedy
  7647 | D:6      | Noticed Maggie
  7711 | D:6      | Noticed Pikel
  7730 | D:6      | Killed Pikel
  7731 | D:6      | Reached skill level 5 in Short Blades
  7731 | D:6      | Reached skill level 5 in Evocations
  8191 | D:6      | Found a glowing silver altar of Zin.
  8362 | D:6      | Reached XP level 9. HP: 37/64 MP: 9/9
  8628 | D:6      | Killed Maggie
  8629 | D:6      | Reached skill level 6 in Short Blades
  8867 | D:6      | Found a shimmering blue altar of Sif Muna.
  8991 | D:6      | Found a hazy altar of Hepliaklqana.
  9241 | D:6      | Found an ancient bone altar of Kikubaaqudgha.
  9509 | D:7      | Noticed Harold
  9556 | D:6      | Reached skill level 5 in Stealth
  9726 | D:7      | Reached skill level 7 in Short Blades
  9742 | D:7      | Noticed Prince Ribbit
  9743 | D:7      | HP: 3/65 [steam dragon (2)]
  9745 | D:7      | Gained mutation: You are clumsy. (Dex -2) [potion of
                  | mutation]
  9745 | D:7      | Gained mutation: Your magical capacity is low. (-10% MP)
                  | [potion of mutation]
  9745 | D:7      | Lost mutation: You are clumsy. (Dex -2) [potion of
                  | mutation]
  9784 | D:7      | Killed Prince Ribbit
  9785 | D:7      | Reached skill level 5 in Dodging
  9955 | D:7      | Killed Harold
  9956 | D:7      | Reached XP level 10. HP: 72/73 MP: 9/9
 10201 | D:7      | Reached skill level 8 in Short Blades
 10862 | D:7      | Reached skill level 5 in Armour
 11146 | D:7      | Found a shimmering blue altar of Sif Muna.
 11933 | D:8      | Found a flagged portal.
 11957 | Bailey   | Entered a bailey
 12107 | Bailey   | Noticed an orc knight
 12107 | Bailey   | Noticed an orc knight
 12115 | Bailey   | Killed an orc knight
 12116 | Bailey   | Reached skill level 5 in Fighting
 12165 | Bailey   | Killed an orc knight
 12166 | Bailey   | Reached XP level 11. HP: 14/79 MP: 9/9
 12845 | D:8      | Noticed a two-headed ogre
 12848 | D:8      | Killed a two-headed ogre
 12849 | D:8      | Reached skill level 9 in Short Blades
 14255 | D:9      | Found a shimmering altar of Xom.
 14341 | D:9      | Found a hazy altar of Hepliaklqana.
 14445 | D:9      | Found an iron altar of Okawaru.
 14703 | D:9      | Found a staircase to the Lair.
 15439 | D:9      | Found an ornate altar of the Wu Jian Council.
 15650 | D:10     | Entered Level 10 of the Dungeon
 15661 | D:10     | Found Ykkiptas's Armour Shop.
 15668 | D:10     | Bought a +1 pair of boots of flying for 247 gold pieces
 16140 | D:10     | Noticed a red ugly thing
 16209 | D:10     | Found a roughly hewn altar of Beogh.
 16527 | D:10     | Reached skill level 10 in Short Blades
 16921 | D:10     | Found a white marble altar of Elyvilon.
 17554 | D:11     | Noticed a centaur warrior
 17559 | D:11     | Killed a centaur warrior
 17871 | D:11     | Killed an unseen horror
 17872 | D:11     | Reached XP level 12. HP: 69/88 MP: 7/10
 18064 | D:11     | Found an ancient bone altar of Kikubaaqudgha.
 18153 | D:11     | Reached skill level 1 in Long Blades
 18698 | D:9      | Bought a +7 vorpal falchion for 539 gold pieces
 18735 | D:9      | Bought a +6 rapier of flaming for 509 gold pieces
 18791 | Lair:1   | Entered Level 1 of the Lair of Beasts
 19000 | Lair:1   | Noticed Grum
 19030 | Lair:1   | Killed Grum
 19619 | Lair:1   | Noticed an eight-headed hydra
 19674 | Lair:1   | Slain by a blink frog

Illustrated notes

Levels and vault maps discovered:
D:1:      amcnicky_arrival_underground_garden, layout_loops_ring,
          minmay_rat_gold_closets
D:2:      minmay_chambers_of_twos, layout_basic, grunt_qazlal_sundering,
          lemuel_round_altar, uniq_terence
D:3:      layout_loops_cross
D:4:      layout_rooms, due_unseen_surprise, uniq_menkaure
D:5:      layout_basic, temple_hall, serial_co_window_serial,
          co_window_corner_a, co_window_corner_a, co_window_paths_a,
          co_window_of_opportunity_a, co_window_paths_b, co_window_paths_a,
          co_window_corner_a, co_window_unsneaky_path_c, co_window_broadway_b,
          co_window_corner_b, co_window_4corner_a, glass_columns_a,
          glass_columns_b, glass_columns_b, uniq_grinder
D:6:      layout_basic, general_overflow_altar, kennysheep_little_box,
          kennysheep_mini_moat, nicolae_overflow_hidden_temple, sigmund_army,
          uniq_maggie, uniq_pikel
D:7:      layout_basic, grunt_ministairs_8, lemuel_blue_sif_altar,
          uniq_prince_ribbit1, uniq_harold
D:8:      layout_basic, enter_bailey_5, grunt_ministairs_13
D:9:      minmay_spotlight, layout_rooms, lemuel_round_altar,
          pdpol_wu_jian_five_deadly_venoms, old_standard_altar,
          due_lair_maze_entry_diamond, basic_altar
D:10:     layout_roguey, special_room [special_room_orc], basic_altar,
          serial_shops, shop
D:11:     layout_cave_pools, serial_glass, glass_columns_a, glass_columns_b,
          glass_columns_a, glass_columns_a, chequers_serial_rivers_micro_d,
          minmay_tree_intersection, lemuel_mausoleum_altar_kikubaaqudgha
Temple:   nicolae_temple_figure_eight
Lair:1:   layout_long_grid, grunt_megastairs_4, uniq_grum, uniq_fannar

Skill      XL: |  1  2  3  4  5  6  7  8  9 10 11 12 |
---------------+-------------------------------------+-----
Short Blades   | 1 2 3 4 5 7 8 10 | 10.2
Evocations     | 4 5 |  5.5
Dodging        | 2 3 5 7 8 |  8.5
Stealth        | 2 3 4 5 7 9 |  9.5
Fighting       | 2 3 4 5 6 |  6.7
Armour         | 3 4 5 6 |  6.3
Long Blades    | 3 |  3.8

Action                   |  1- 3 |  4- 6 |  7- 9 | 10-12 || total
-------------------------+-------+-------+-------+-------++-------
Melee: Club              |    17 |       |       |       ||    17
       Short sword       |   130 |   196 |    34 |       ||   360
       Dagger            |       |       |   275 |  1026 ||  1301
       Long sword        |       |       |       |    83 ||    83
       Falchion          |       |       |       |    61 ||    61
       Rapier            |       |       |       |     3 ||     3
Invok: Call Merchant     |       |       |       |     1 ||     1
Evoke: Wand              |     5 |    22 |    23 |     3 ||    53
  Use: Scroll            |       |       |     4 |    10 ||    14
       Potion            |       |       |     3 |     5 ||     8
 Stab: Sleeping          |     4 |     6 |     2 |    28 ||    40
       Paralysed         |       |       |     5 |     2 ||     7
       Distracted        |       |       |     2 |     6 ||     8
       Invisible         |       |       |       |     2 ||     2
Armor: Leather armour    |    35 |    48 |    40 |   167 ||   290
       Skin              |       |       |     6 |       ||     6
Dodge: Dodged            |    80 |   124 |   174 |   668 ||  1046
       Rpst.: Long sword |       |       |       |    10 ||    10
       Falchion          |       |       |       |     9 ||     9
